 Dungeon Crawl Stone Soup version 0.28.0 (webtiles) character file.

Game seed: 13468332794485016701

1618590 Charly the Slayer (level 27, 238/238 HPs)
             Began as a Merfolk Arcane Marksman on Feb 11, 2022.
             Was a High Priest of Okawaru.
             Escaped with the Orb
             ... and 3 runes!
             The game lasted 03:11:18 (75640 turns).

Charly the Slayer (Merfolk Arcane Marksman)        Turns: 75640, Time: 03:11:18

Health: 238/238    AC: 38    Str: 21      XL:     27
Magic:  38/38      EV: 18    Int:  5      God:    Okawaru [*****.]
Gold:   341        SH: 34    Dex: 21 (22) Spells: 27/28 levels left

rFire   + . .      SeeInvis .   a - +9 demon trident (drain)
rCold   + + .      Faith    .   p - +10 tower shield of Ignorance {rN+ Int-4}
rNeg    + + .      Spirit   +   j - +2 gold dragon scales
rPois   +          Reflect  .   X - +2 hat "Fesch" {+Inv rC+}
rElec   +          Harm     .   y - +1 cloak of Starlight {*Dazzle EV+4 Stlth--}
rCorr   .          Rampage  .   g - +4 pair of gloves of Datt {rElec Int+4}
Will    +++..      Rage     1%  d - +2 pair of boots
Stlth   ..........              w - amulet of Inigeabu {Spirit rPois MP+9 Int-5 Slay+5}
HPRegen 0.49/turn               m - ring of willpower
MPRegen 0.26/turn               n - ring of Bodily Harmony {rN+ Dex+6}

@: studying 2 skills
A: (nimble swimmer 2), mertail, berserk 1, deterioration 1, dopey 1, low MP 1,
sense surroundings 1, screaming 1, weak 1, inability to read while threatened
0: Orb of Zot
}: 3/15 runes: decaying, serpentine, silver
a: Renounce Religion, Evoke Invisibility, Heroism, Finesse, Duel


You escaped.
You worshipped Okawaru.
Okawaru was extremely pleased with you.
You visited 10 branches of the dungeon, and saw 47 of its levels.
You also visited: Trove and Ice Cave.

You collected 6889 gold pieces.
You spent 6548 gold pieces at shops.

Inventory:

Hand Weapons
 a - a +9 demon trident of draining (weapon)
 L - a +6 demon trident of protection
Missiles
 R - 5 curare-tipped darts (quivered)
Armour
 d - a +2 pair of boots (worn)
 g - the +4 pair of gloves of Datt (worn) {rElec Int+4}
   (You acquired it on level 4 of the Swamp)

   Int:       It affects your intelligence (+4).
   rElec:     It insulates you from electricity.
 j - +2 gold dragon scales (worn)
 p - the +10 tower shield of Ignorance (worn) {rN+ Int-4}
   (You found it in a treasure trove)

   Int:       It affects your intelligence (-4).
   rN:        It protects you from negative energy.
 y - the +1 cloak of Starlight (worn) {*Dazzle EV+4 Stlth--}
   (You acquired it on level 14 of the Dungeon)

   It may blind those who miss an attack against the wearer in melee combat.
   EV:        It affects your evasion (+4).
   Stlth:     It makes you much less stealthy.
 K - the +6 scale mail of Gaith {rCorr Str+3 Int-3 Dex+4}
   (You found it on level 2 of the Swamp)

   Str:       It affects your strength (+3).
   Int:       It affects your intelligence (-3).
   Dex:       It affects your dexterity (+4).
   rCorr:     It protects you from acid and corrosion.
 X - the +2 hat "Fesch" (worn) {+Inv rC+}
   (Okawaru gifted it to you on level 1 of the Snake Pit)

   rC:        It protects you from cold.
   +Inv:      It lets you turn invisible.
Jewellery
 c - a ring of ice
 f - a ring of fire
 i - the ring "Sonwoh" {Str+4 Int+6 Dex-4 Slay+3 SInv Stlth+}
   (You found it on level 5 of the Vaults)

   [ring of see invisible]

   Str:       It affects your strength (+4).
   Int:       It affects your intelligence (+6).
   Dex:       It affects your dexterity (-4).
   Slay:      It affects your accuracy & damage with ranged weapons and melee
   (+3).
   SInv:      It lets you see invisible.
   Stlth:     It makes you more stealthy.
 m - a ring of willpower (left hand)
 n - the ring of Bodily Harmony (right hand) {rN+ Dex+6}
   (You bought it in a shop on level 1 of the Depths)

   [ring of dexterity]

   Dex:       It affects your dexterity (+6).
   rN:        It protects you from negative energy.
 w - the amulet of Inigeabu (around neck) {Spirit rPois MP+9 Int-5 Slay+5}
   (You found it in a treasure trove)

   [amulet of guardian spirit]

   It causes incoming damage to be divided between your reserves of health and
   magic.
   Int:       It affects your intelligence (-5).
   Slay:      It affects your accuracy & damage with ranged weapons and melee
   (+5).
   rPois:     It protects you from poison.
   MP:        It affects your magic capacity (+9).
 M - a ring of willpower
 W - the amulet "Saen Zast" {Spirit rF+ Dex+2 Stlth+}
   (You bought it in a shop on level 1 of the Snake Pit)

   [amulet of guardian spirit]

   It causes incoming damage to be divided between your reserves of health and
   magic.
   Dex:       It affects your dexterity (+2).
   rF:        It protects you from fire.
   Stlth:     It makes you more stealthy.
Wands
 C - a wand of digging (16)
 G - a wand of iceblast (27)
 H - a wand of polymorph (26)
 J - a wand of acid (30)
 N - a wand of flame (57)
 U - a wand of paralysis (13)
 V - a wand of mindburst (15)
Scrolls
 r - 19 scrolls of teleportation
 v - 2 scrolls of vulnerability
 F - 10 scrolls of blinking
 P - 7 scrolls of fear
 Y - 7 scrolls of immolation
 Z - a scroll of silence
Potions
 e - 4 potions of heal wounds
 h - 3 potions of resistance
 k - 3 potions of berserk rage
 o - 6 potions of attraction
 q - 6 potions of flight
 u - 22 potions of curing
 x - 3 potions of ambrosia
 z - 2 potions of cancellation
 A - 3 potions of haste
 D - 3 potions of might
 E - 6 potions of magic
 I - 6 potions of lignification
 S - 3 potions of invisibility
Miscellaneous
 l - a condenser vane
 s - a tin of tremorstones (2/2)
 t - a phial of floods
 T - a lightning rod (4/4)


   Skills:
 - Level 24.2 Fighting
 - Level 14.0 Polearms
 - Level 2.0 Slings
 + Level 17.9 Armour
 - Level 22.0 Dodging
 - Level 3.0 Stealth
 - Level 21.8 Shields
 - Level 1.0 Spellcasting
 - Level 3.0 Hexes
 - Level 13.0 Invocations
 - Level 18.7 Evocations


You had 27 spell levels left.
You knew the following spells:

 Your Spells              Type           Power      Damage    Failure   Level
a - Slow                  Hex            12%        N/A       100%        1

Your spell library contained the following spells:

 Spells                   Type           Power      Damage    Failure   Level
 Foxfire                  Conj/Fire      0%         2x1d4     100%        1
 Magic Dart               Conj           0%         1d3       100%        1
 Shock                    Conj/Air       0%         1d3       100%        1
 Sting                    Tmut/Pois      0%         1d3       100%        1
 Ensorcelled Hibernation  Hex/Ice        2%         N/A       100%        2
 Passwall                 Tmut/Erth      0%         N/A       100%        2
 Sublimation of Blood     Necr           0%         N/A       100%        2
 Wereblood                Tmut           0%         N/A       100%        2
 Dazzling Flash           Conj/Hex       2%         N/A       100%        3
 Frozen Ramparts          Ice            0%         1d2       100%        3
 Ignite Poison            Fire/Tmut/Pois 0%         N/A       100%        3
 Inner Flame              Hex/Fire       1%         N/A       100%        3
 Mephitic Cloud           Conj/Pois/Air  0%         N/A       100%        3
 Portal Projectile        Hex/Tloc       2%         N/A       100%        3
 Stone Arrow              Conj/Erth      0%         3d7       100%        3
 Swiftness                Air            0%         N/A       100%        3
 Airstrike                Air            0%         N/A       100%        4
 Anguish                  Hex/Necr       0%         N/A       100%        4
 Cause Fear               Hex            1%         N/A       100%        4
 Hailstorm                Conj/Ice       0%         3d3       100%        4
 Ice Form                 Ice/Tmut       0%         N/A       100%        4
 Petrify                  Tmut/Erth      0%         N/A       100%        4
 Agony                    Necr           0%         N/A       100%        5
 Irradiate                Conj/Tmut      0%         3d13      100%        5
 Silence                  Hex/Air        0%         N/A       100%        5
 Conjure Ball Lightning   Conj/Air       0%         3x3d6     100%        6
 Orb of Destruction       Conj           0%         9d5       100%        7
 Discord                  Hex            1%         N/A       100%        8
 Disjunction              Tloc           0%         N/A       100%        8
 Lehudib's Crystal Spear  Conj/Erth      0%         10d2      100%        8
 Call Imp                 Summ           Unusable   N/A       N/A         2
 Summon Guardian Golem    Hex/Summ       Unusable   N/A       N/A         3
 Animate Armour           Summ/Erth      Unusable   N/A       N/A         4
 Simulacrum               Ice/Necr       Unusable   N/A       N/A         6
 Spellforged Servitor     Conj/Summ      Unusable   N/A       N/A         7
 Summon Hydra             Summ           Unusable   N/A       N/A         7
 Dragon's Call            Summ           Unusable   N/A       N/A         9

Dungeon Overview and Level Annotations

Branches:
Dungeon (15/15)            Temple (1/1) D:4            Lair (6/6) D:8
  Swamp (4/4) Lair:4        Snake (4/4) Lair:2        Slime (1/5) Lair:5
    Orc (2/2) D:11            Elf (0/3) Orc:2        Vaults (5/5) D:13
  Crypt (0/3) Vaults:2     Depths (4/4) D:15            Zot (5/5) Depths:4
  IceCv (visited)

Altars:
Ashenzari
Cheibriados
Dithmenos
Elyvilon
Fedhas
Gozag
Hepliaklqana
Kikubaaqudgha
Makhleb
Nemelex Xobeh
Okawaru
Qazlal
Ru
Sif Muna
Trog
Uskayaw
Vehumet
Wu Jian
Xom
Yredelemnul
Zin
The Shining One

Shops:
D:4 *?   D:13 ?   Orc:1 [   Orc:2 ((**((   Snake:1 *(**   Vaults:1 *[
Depths:1 ==:   Depths:2 !

Portals:
Hell: Depths:1 Depths:2 Depths:3 Depths:4
Abyss: Depths:3
Pandemonium: Depths:1 Depths:2 Depths:4
Ziggurat: Depths:2

Annotations:
D:6 1 runed translucent door, Crazy Yiuf
Swamp:3 Roxanne
Snake:4 1 runed translucent door, Jazqba's ghost, adept OgBe
Vaults:1 36 runed doors
Vaults:4 1 runed translucent door, AgonHex's ghost, veteran HOFi
Depths:2 exclusions: 2 daevas, downstairs and 2 more exclusions
Zot:5 exclusion: obsidian statue


Innate Abilities, Weirdness & Mutations

((You are very nimble when in or above water. (Stealth+, EV+, Speed+++)))
Your lower body shifts to a powerful aquatic tail in water.
You tend to lose your temper in combat.
Your body sometimes deteriorates upon taking damage.
You are dopey. (Int -2)
Your magical capacity is low. (-10% MP)
You passively map a small area around you.
You occasionally shout uncontrollably at your foes.
You are weak. (Str -2)
You sometimes lose the ability to read scrolls when taking damage.


Message History

(D) Dungeon (T) Temple (L) Lair (S) Swamp (P) Snake Pit (M) Slime Pits (O) Orcish Mines (E) Elven Halls (V) Vaults (C) Crypt (U) Depths (H) Hell (Z) Zot
Where to? (Enter - D:1 @ (x,y), ? - help)
You see here a +0 giant club.
There is a stone staircase leading up here.
You climb upwards.
There is a stone staircase leading down here.
There is a stone staircase leading up here.
You climb upwards.
There is a stone staircase leading down here.
There is a stone staircase leading up here.
You climb upwards.
There is a stone staircase leading down here.
You see here a +0 dagger.
There is a stone staircase leading up here.
You climb upwards.
There is a stone staircase leading down, spattered with blood here.
There is an escape hatch in the ceiling here.
A mysterious force pulls you upwards. The hatch slams shut behind you.
You see here a +0 dagger.
A Hell Sentinel comes into view.
You yell at the Hell Sentinel!
Aiming: Dig
Press: ? - help, Shift-Dir - straight line, f - you Please select a direction to dig.
This square is covered in magical glow.
The rock shatters into small pieces.
Okay, then.
Blink to where?
Press: ? - help, Dir - move target Your legs become a tail as you dive into the water.
Your +2 pair of boots melds into your body.
Floosh!
As you read the scroll of blinking, it crumbles to dust.
Your +2 pair of boots unmelds from your body.
A blizzard demon comes into view.
There is a staircase leading out of the dungeon here.
You have escaped!

#.# #..#≈≈≈≈≈≈≈≈≈≈≈≈≈#.........
#.##...#≈≈≈≈≈≈≈≈≈≈≈≈≈#.........
#.##...#≈≈≈≈≈≈≈≈≈≈≈≈≈#.........
#.##...#≈≈≈≈≈≈≈≈≈≈≈≈≈##.......#
###.######≈≈≈≈≈≈≈≈≈≈≈≈≈#.........
........##≈≈≈≈≈≈≈≈≈≈≈≈≈#.........
........##≈≈≈≈≈≈≈≈≈≈≈≈≈#.........
........##≈≈≈≈≈...≈≈≈≈≈#.........
........##≈≈≈≈..@..≈≈2≈#.........
........##≈≈≈≈≈...≈≈≈≈≈##.......#
........##≈≈≈≈≈≈≈≈≈≈≈≈≈###.....##
......).##≈≈≈≈≈≈≈≈≈≈≈≈≈# #######
##########≈≈≈≈≈≈≈≈≈≈≈≈≈#
#≈≈≈≈≈≈≈≈≈≈≈≈≈# ###############


You could see a blizzard demon.

Vanquished Creatures
  A dread lich (Arena)
  Mara (Swamp:4)
  5 ancient liches
  9 orbs of fire
  2 juggernauts
  3 Killer Klowns
  Bai Suzhen (Snake:3)
  A pandemonium lord (Zot:4)
  7 caustic shrikes
  Saint Roka (Arena)
  9 golden dragons
  2 electric golems (Zot:5)
  10 tentacled monstrosities
  Jorgrun (Swamp:2)
  Rupert (Lair:3)
  7 liches
  3 walking earthen tomes
  27 Orb Guardians
  4 quicksilver dragons
  2 walking frostbound tomes (Depths:3)
  8 titans
  2 walking divine tomes
  2 death cobs
  5 sphinxes
  Kirke (Lair:4)
  5 tengu reavers
  4 shadow dragons
  An azure jelly (IceCv)
  2 thorn hunters (Swamp:4)
  A fenstrider witch (Swamp:4)
  10 frost giants
  9 storm dragons
  2 draconian knights
  A draconian monk (Depths:4)
  5 nagarajas (Snake:4)
  9 fire giants
  3 iron dragons
  Aizul (Snake:4)
  A balrug (Zot:1)
  A deep elf sorcerer (Vaults:4)
  3 orc warlords
  A ghost moth (Zot:4)
  18 vault wardens
  2 draconian stormcallers (Zot:2)
  6 draconian shifters
  23 ironbound preservers
  2 spriggan defenders (Depths:2)
  A draconian annihilator (Zot:3)
  3 draconian scorchers (Zot:5)
  3 war gargoyles
  A caustic shrike skeleton (Depths:2)
  2 quicksilver oozes (IceCv)
  30 very ugly things
  7 ghouls
  10 ironbound thunderhulks
  10 stone giants
  4 eleionomae
  4 vampire knights
  Azrael (D:12)
  A juggernaut skeleton (Depths:2)
  A deep elf demonologist (Vaults:4)
  11 green draconians
  3 entropy weavers
  10 black draconians
  9 red draconians
  10 purple draconians
  4 white draconians
  9 dire elephants
  2 spark wasps (shapeshifter)
  3 bunyips
  4 yellow draconians
  15 ettins
  2 blizzard demons
  5 spark wasps
  2 deep elf death magi (Vaults:5)
  10 fire dragons
  2 shambling mangroves
  A merfolk javelineer (Depths:1)
  9 yaktaur captains
  5 great orbs of eyes
  8 ice dragons
  3 deep elf high priests
  A spriggan skeleton (Depths:2)
  9 naga warriors
  3 peacekeepers
  A salamander tyrant (Snake:4)
  41 vault guards
  25 hydras
  A rakshasa (Depths:1)
  2 boulder beetles
  6 ogre magi
  2 ghost crabs (Swamp:1)
  9 ironbound frosthearts
  12 anacondas
  3 catoblepae
  4 spriggan air magi
  11 centaur warriors
  7 alligators
  7 deep troll shamans
  15 two-headed ogres
  16 death yaks
  10 shock serpents
  A tengu warrior (D:12)
  16 deep troll earth magi
  13 spriggan berserkers
  Urug (Orc:2)
  12 hell knights
  13 naga sharpshooters
  4 sun demons
  A soul eater (Depths:4)
  A shadow wraith (Vaults:5)
  4 skeletal warriors (D:13)
  12 iron trolls
  5 goliath frogs
  A sixfirhy (Depths:4)
  6 salamander mystics
  6 spriggan druids
  55 deep trolls
  A death drake (shapeshifter) (Depths:3)
  4 bog bodies
  A flayed ghost (Depths:3)
  An orange crystal statue (Vaults:2)
  5 lindwurms
  7 phantasmal warriors
  7 naga ritualists
  A shadow demon (Zot:1)
  19 ironbound convokers
  4 harpies (Vaults:1)
  8 wizards
  18 swamp dragons
  A sphinx zombie (Depths:2)
  6 necromancers
  5 mana vipers
  13 orc knights
  2 deep elf pyromancers
  45 ugly things
  An oklob plant (Lair:3)
  A shining eye (shapeshifter) (D:13)
  4 orc sorcerers (Orc:2)
  14 salamanders
  3 wolf spiders (Lair:6)
  A manticore (D:15)
  3 will-o-the-wisps
  15 moths of wrath
  15 vault sentinels
  9 guardian serpents
  A rust devil (Depths:4)
  A toenail golem (Zot:4)
  5 centaur zombies
  4 large abominations (Depths:3)
  6 cyclopes
  9 elephants
  12 naga magi
  2 water nymphs (Swamp:4)
  A smoke demon (Depths:4)
  26 black mambas
  An orange demon (Zot:4)
  An elephant (shapeshifter) (Vaults:3)
  19 cane toads
  Maggie (D:10)
  A kobold demonologist (D:10)
  2 ice statues (IceCv)
  A hellion (Depths:4)
  7 unseen horrors (Depths:3)
  2 freezing wraiths (Vaults:5)
  4 rime drakes
  A yaktaur (shapeshifter) (D:13)
  An ice devil (Depths:4)
  2 entropy weaver simulacra (IceCv)
  27 yaktaurs
  An efreet (D:15)
  12 komodo dragons
  A meliai (shapeshifter) (D:13)
  A queen bee (D:12)
  13 trolls
  6 meliai
  11 hornets
  10 tyrant leeches
  A wind drake (shapeshifter) (D:15)
  30 blink frogs
  3 polar bears
  12 dream sheep
  22 slime creatures
  2 shadows
  A jumping spider (shapeshifter) (D:15)
  7 spriggans
  Sigmund (D:5)
  5 water elementals
  13 wyverns (Lair:6)
  A vampire (D:10)
  2 spriggans (shapeshifter) (Depths:2)
  A ynoxinul (Depths:4)
  A hog (Lair:3)
  2 fire elementals (D:12)
  3 small abominations (Depths:3)
  5 wraiths
  5 humans (Lair:4)
  31 yaks
  7 basilisks
  7 redbacks
  A chaos spawn (Depths:3)
  A neqoxec (Depths:4)
  4 steam dragons
  7 vampire mosquitoes
  38 nagas
  5 wargs
  14 swamp worms
  Edmund (D:5)
  An acid dragon (Lair:6)
  18 water moccasins
  2 hell hounds (D:12)
  A floating eye (shapeshifter) (Vaults:4)
  27 orc warriors
  12 swamp drakes
  3 black bears
  5 ice beasts
  5 sky beasts
  4 ugly thing simulacra (IceCv)
  24 ogres
  19 wolves
  8 centaurs
  3 phantoms
  A kobold brigand (D:8)
  A gnoll sergeant (D:6)
  17 bullfrogs
  A wyvern zombie (D:6)
  6 glowing shapeshifter simulacra (IceCv)
  3 scorpions
  2 water moccasin zombies
  A troll zombie (D:11)
  25 killer bees
  5 wights (D:10)
  5 howler monkeys
  4 vampire bats (Lair:3)
  A bullfrog zombie (D:7)
  4 crimson imps (Depths:2)
  A hound (D:5)
  13 orc priests
  A bullfrog skeleton (D:6)
  A hound (shapeshifter) (Vaults:5)
  A jelly (D:4)
  12 iguanas
  20 orc wizards
  2 yak simulacra (Lair:5)
  3 polar bear simulacra (Lair:5)
  3 wolf simulacra (Lair:5)
  7 ogre zombies (D:11)
  A hound zombie (D:5)
  A hound skeleton (D:4)
  13 gnolls
  3 adders
  A shadow imp (D:7)
  A white imp (D:7)
  2 ufetubi
  3 worms
  2 dart slugs
  84 orcs
  A ball python (D:3)
  8 endoplasms
  2 giant cockroaches
  2 hobgoblins
  4 jackals (D:3)
  12 kobolds
  5 quokkas
  9 bats
  2 frilled lizards (D:1)
  4 goblins
  A goblin skeleton (D:11)
  6 goblin zombies (D:11)
  2 hobgoblin skeletons (D:11)
  3 hobgoblin zombies (D:11)
  2 orc skeletons (D:11)
  11 orc zombies (D:11)
  2 rats
  3 river rat simulacra (Lair:5)
  A briar patch (Swamp:4)
1868 creatures vanquished.

Vanquished Creatures (others)
  A walking crystal tome (Depths:3)
  A lich (Vaults:5)
  A shadow dragon (Vaults:4)
  2 fire giants
  A black draconian (Zot:5)
  A spriggan (Swamp:3)
  A goliath frog (Swamp:1)
  A spriggan druid (Swamp:3)
  A deep troll (Depths:1)
  3 bloated husks
  A hornet (Swamp:3)
  A vampire mosquito (Swamp:1)
  A swamp worm (Swamp:1)
  An iguana (Lair:6)
  A river rat (shapeshifter) (Vaults:5)
  A bush (Lair:2)
  18 foxfires
  52 fungi
  98 plants
  2 withered plants (Vaults:4)
189 creatures vanquished.

Grand Total: 2057 creatures vanquished

Notes
Turn   | Place    | Note
-------+----------+-------------------------------------------
     0 | D:1      | Charly the Merfolk Arcane Marksman began the quest for the
                  | Orb.
     0 | D:1      | Reached XP level 1. HP: 15/15 MP: 2/2
    91 | D:1      | Found a faded altar of an unknown god.
    99 | D:1      | Got Plato's Compendium of Fire
   204 | D:1      | Reached skill level 1 in Stealth
   351 | D:1      | Reached XP level 2. HP: 22/22 MP: 3/3
   747 | D:1      | Reached skill level 2 in Fighting
   954 | D:2      | Found a blossoming altar of Fedhas.
  1159 | D:2      | Reached XP level 3. HP: 27/27 MP: 4/4
  2169 | D:2      | Reached XP level 4. HP: 34/34 MP: 5/5
  3380 | D:3      | Reached skill level 3 in Fighting
  3616 | D:4      | Found a transporter.
  3630 | D:4      | Noticed an ice beast
  3635 | D:4      | Noticed an ice beast
  3652 | D:4      | Found Virhypra's Magic Scroll Shoppe.
  3660 | D:4      | Bought a scroll of teleportation for 30 gold pieces
  3660 | D:4      | Bought a scroll of teleportation for 30 gold pieces
  3660 | D:4      | Bought a scroll of teleportation for 30 gold pieces
  3660 | D:4      | Bought a scroll of teleportation for 30 gold pieces
  3660 | D:4      | Bought a scroll of identify for 20 gold pieces
  3702 | D:4      | Reached XP level 5. HP: 41/41 MP: 6/6
  4278 | D:4      | Noticed a phantom
  4316 | D:3      | Killed a phantom
  4317 | D:3      | Reached skill level 4 in Fighting
  4317 | D:3      | Reached XP level 6. HP: 27/49 MP: 7/7
  4621 | D:4      | Found a staircase to the Ecumenical Temple.
  4631 | Temple   | Entered the Ecumenical Temple
  4812 | Temple   | Became a worshipper of Warmaster Okawaru
  4875 | D:4      | Reached skill level 1 in Evocations
  4942 | D:4      | Found Orinuc's Mayhem Merchandise.
  4977 | D:4      | Found a transporter.
  5377 | D:4      | Killed an ice beast
  5378 | D:4      | Reached skill level 5 in Fighting
  5392 | D:4      | Killed an ice beast
  5393 | D:4      | Reached XP level 7. HP: 47/57 MP: 8/8
  5635 | D:5      | Entered Level 5 of the Dungeon
  5635 | D:5      | Noticed Edmund
  5799 | D:4      | Bought a scroll of enchant armour for 75 gold pieces
  5955 | D:5      | Reached * piety under Okawaru
  5956 | D:5      | Reached skill level 6 in Fighting
  6082 | D:5      | Found a broken altar of Ashenzari.
  6086 | D:5      | Found a shimmering blue altar of Sif Muna.
  6086 | D:5      | Found a white marble altar of Elyvilon.
  6104 | D:5      | Reached skill level 7 in Fighting
  6104 | D:5      | Reached XP level 8. HP: 35/67 MP: 9/9
  6262 | D:5      | Found a radiant altar of Vehumet.
  6404 | D:5      | Noticed Sigmund
  6418 | D:5      | Killed Sigmund
  6590 | D:5      | Killed Edmund
  6591 | D:5      | Reached skill level 8 in Fighting
  6591 | D:5      | Reached skill level 1 in Invocations
  7349 | D:6      | Reached skill level 5 in Dodging
  7645 | D:6      | Reached ** piety under Okawaru
  7646 | D:6      | Reached XP level 9. HP: 41/75 MP: 10/10
  7883 | D:6      | Noticed a hornet
  7890 | D:6      | Killed a hornet
  7891 | D:6      | Reached skill level 5 in Polearms
  8249 | D:6      | Reached skill level 9 in Fighting
  8259 | D:6      | Noticed a hornet
  8635 | D:6      | Killed a hornet
  9207 | D:6      | Found a runed translucent door.
  9208 | D:6      | Noticed Crazy Yiuf
  9654 | D:7      | Reached *** piety under Okawaru
 10394 | D:6      | Reached skill level 1 in Armour
 11006 | D:8      | Identified the +1 robe "Kegucedwao" {Str-5 Dex+3 Stlth+}
 11292 | D:7      | Reached XP level 10. HP: 38/85 MP: 11/11
 11732 | D:8      | Reached skill level 10 in Fighting
 12524 | D:8      | Found a staircase to the Lair.
 13054 | D:9      | Noticed a cyclops
 13354 | D:9      | Killed a cyclops
 13475 | D:9      | Reached **** piety under Okawaru
 13476 | D:9      | Reached skill level 10 in Polearms
 13510 | D:9      | Reached skill level 10 in Dodging
 14091 | D:9      | Reached skill level 11 in Fighting
 14632 | D:9      | Found a shimmering altar of Xom.
 14632 | D:9      | Found a snail-covered altar of Cheibriados.
 15300 | D:10     | Entered Level 10 of the Dungeon
 15522 | D:10     | Noticed Maggie
 15536 | D:10     | Killed Maggie
 15537 | D:10     | Reached XP level 11. HP: 93/93 MP: 5/13
 15614 | D:10     | Identified the +6 flail of the Magi {freeze, rElec Dex+5}
 15783 | D:10     | Noticed a two-headed ogre
 15912 | D:10     | Killed a two-headed ogre
 16223 | D:10     | Noticed a two-headed ogre
 16241 | D:10     | Killed a two-headed ogre
 16510 | D:11     | Noticed a cyclops
 16530 | D:11     | Killed a cyclops
 16606 | D:11     | Found a staircase to the Orcish Mines.
 16885 | D:11     | Reached skill level 5 in Evocations
 17343 | D:11     | You fall into a shaft and drop 3 floors!
 17350 | D:14     | Noticed a centaur warrior
 17364 | D:15     | Entered Level 15 of the Dungeon
 17368 | D:14     | Noticed a cyclops
 17417 | D:14     | Killed a cyclops
 17506 | D:13     | Reached skill level 12 in Fighting
 17513 | D:12     | Found a portal to a secret trove of treasure.
 17515 | D:12     | Noticed a tengu warrior
 17547 | D:12     | Killed a tengu warrior
 17548 | D:12     | Reached skill level 5 in Invocations
 17622 | D:12     | Reached ***** piety under Okawaru
 17916 | D:11     | Noticed a white ugly thing
 17941 | D:11     | Killed a white ugly thing
 17942 | D:11     | Reached skill level 1 in Shields
 17942 | D:11     | Reached XP level 12. HP: 85/102 MP: 14/16
 18320 | Lair:1   | Entered Level 1 of the Lair of Beasts
 18596 | Lair:1   | Received a gift from Okawaru
 19266 | Lair:2   | Found a staircase to the Snake Pit.
 19489 | Lair:2   | Received a gift from Okawaru
 19824 | Lair:2   | Received a gift from Okawaru
 19936 | Lair:2   | Noticed a six-headed hydra
 19949 | Lair:2   | Killed a six-headed hydra
 20013 | Lair:2   | Received a gift from Okawaru
 20330 | Lair:3   | Reached skill level 13 in Fighting
 20378 | Lair:3   | Reached XP level 13. HP: 85/111 MP: 14/17
 20497 | Lair:3   | Identified the +1 robe "Unte" {*Slow rC+ Slay+3} (Okawaru
                  | gifted it to you on level 3 of the Lair of Beasts)
 20497 | Lair:3   | Received a gift from Okawaru
 20498 | Lair:3   | Reached skill level 5 in Shields
 20937 | Lair:3   | Noticed Rupert
 21091 | Lair:4   | Noticed Kirke
 21230 | Lair:4   | Killed Kirke
 21495 | Lair:4   | Reached skill level 14 in Fighting
 21552 | Lair:4   | Found a staircase to the Swamp.
 21559 | Lair:4   | Received a gift from Okawaru
 21700 | Lair:3   | Received a gift from Okawaru
 21934 | Lair:4   | Identified the +3 ring mail of the Cockatrice {Fly Stlth+}
                  | (Okawaru gifted it to you on level 4 of the Lair of Beasts)
 21934 | Lair:4   | Received a gift from Okawaru
 22612 | Lair:5   | Reached XP level 14. HP: 121/121 MP: 18/21
 22673 | Lair:5   | Found a staircase to the Slime Pits.
 23268 | Lair:5   | Reached skill level 10 in Invocations
 23461 | Lair:5   | Reached skill level 15 in Fighting
 23809 | Lair:6   | Entered Level 6 of the Lair of Beasts
 23829 | Slime:1  | Entered Level 1 of the Pits of Slime
 23829 | Slime:1  | Noticed a rockslime
 24203 | Lair:6   | Received a gift from Okawaru
 24701 | Lair:6   | Reached skill level 10 in Shields
 25013 | Lair:6   | Received a gift from Okawaru
 25326 | Lair:6   | Reached XP level 15. HP: 130/130 MP: 23/23
 25364 | Lair:6   | Reached skill level 16 in Fighting
 26445 | D:12     | Noticed Azrael
 26475 | D:12     | Killed Azrael
 27687 | D:13     | Gained mutation: You occasionally shout uncontrollably at
                  | your foes. [a shining eye]
 27694 | D:13     | Gained mutation: Potions are less effective at restoring
                  | your health. [a shining eye]
 27704 | D:13     | Lost mutation: Potions are less effective at restoring your
                  | health. [potion of mutation]
 27704 | D:13     | Lost mutation: You occasionally shout uncontrollably at
                  | your foes. [potion of mutation]
 27704 | D:13     | Gained mutation: Your spells are a little harder to cast,
                  | but a little more powerful. [potion of mutation]
 27704 | D:13     | Gained mutation: You are agile. (Dex +2) [potion of
                  | mutation]
 27729 | D:13     | Found a gate to the Vaults.
 27774 | D:13     | Identified the +6 long sword of Pinabi {freeze, rElec rCorr
                  | Int-5}
 28159 | D:13     | Found Wajeownu's Magic Scroll Shoppe.
 28168 | D:13     | Bought a scroll of fear for 56 gold pieces
 28168 | D:13     | Bought a scroll of teleportation for 48 gold pieces
 28168 | D:13     | Bought a scroll of blinking for 120 gold pieces
 28168 | D:13     | Bought a scroll of teleportation for 48 gold pieces
 28168 | D:13     | Bought a scroll of teleportation for 48 gold pieces
 28168 | D:13     | Bought a scroll of fog for 32 gold pieces
 28168 | D:13     | Bought a scroll of magic mapping for 56 gold pieces
 28701 | D:13     | Found a bloodstained altar of Trog.
 28999 | D:13     | Identified the +9 quarterstaff "Keill" {vorpal, Int+3
                  | Dex+5}
 29020 | D:14     | Identified a scroll of acquirement
 29021 | D:14     | Acquired the +1 cloak of Starlight {*Dazzle EV+4 Stlth--}
 29021 | D:14     | Found the +1 cloak of Starlight {*Dazzle EV+4 Stlth--}
 29340 | D:14     | Found a shadowy altar of Dithmenos.
 29818 | D:15     | Found a staircase to the Depths.
 29819 | D:15     | Noticed a fire giant
 29975 | D:15     | Killed a fire giant
 30022 | D:15     | Reached skill level 17 in Fighting
 30035 | D:15     | Received a gift from Okawaru
 30306 | D:4      | Bought a scroll of brand weapon for 200 gold pieces
 30306 | D:4      | Bought a scroll of enchant weapon for 75 gold pieces
 30777 | D:15     | Identified the +1 robe of Junienlu {Regen+ Dex+2}
 31153 | D:15     | Reached XP level 16. HP: 104/141 MP: 18/25
 31689 | D:15     | Identified the +10 short sword of Perversion {spect, rN+
                  | Int+2}
 31784 | Orc:1    | Entered Level 1 of the Orcish Mines
 32205 | Orc:1    | Found Ybab Cen's Antique Armour Shoppe.
 32392 | Orc:2    | Entered Level 2 of the Orcish Mines
 32392 | Orc:2    | Noticed Saint Roka
 32416 | Arena    | Entered the Arena
 32435 | Arena    | Killed Saint Roka
 32484 | Orc:2    | Noticed Urug
 32502 | Orc:2    | Killed Urug
 32618 | Orc:2    | Found a staircase to the Elven Halls.
 32780 | Orc:2    | Found Rohi Sece's Weapon Shoppe.
 32797 | Orc:2    | Received a gift from Okawaru
 32799 | Orc:2    | Found Gifradop's Assorted Antiques.
 32803 | Orc:2    | Reached skill level 15 in Dodging
 32843 | Orc:2    | Found a frozen archway.
 32899 | IceCv    | Entered an ice cave
 33496 | IceCv    | Received a gift from Okawaru
 33876 | IceCv    | Noticed an azure jelly
 33886 | IceCv    | Killed an azure jelly
 33886 | IceCv    | Received a gift from Okawaru
 33927 | IceCv    | Found a viscous altar of Jiyva.
 33943 | IceCv    | Got the ring "Wicogo" {Ice Contam Str-2 Int+6 Slay+3}
 33945 | IceCv    | Identified the +0 pair of gloves of Koalar {+Inv}
 33954 | IceCv    | Identified the amulet "Zuun" {Reflect +Blink rCorr SH+5}
 34093 | Orc:2    | Found Xyqehebb's Weapon Shop.
 34155 | Orc:2    | Found Zoog's Antique Weapon Boutique.
 34291 | Orc:2    | Found Reoffeas's Assorted Antiques.
 34299 | Orc:2    | Bought a scroll of teleportation for 102 gold pieces
 34299 | Orc:2    | Bought a scroll of fear for 119 gold pieces
 34310 | Orc:2    | Bought a scroll of blinking for 270 gold pieces
 34352 | Orc:2    | Found Cyfob's Antique Weapon Boutique.
 34918 | Lair:3   | Killed Rupert
 34967 | Swamp:1  | Entered Level 1 of the Swamp
 34976 | Swamp:1  | Reached skill level 10 in Evocations
 35187 | Swamp:1  | Reached skill level 18 in Fighting
 35592 | Swamp:1  | Acquired 540 gold pieces
 35696 | Swamp:1  | Reached XP level 17. HP: 87/145 MP: 26/26
 36333 | Swamp:2  | Identified the +6 scale mail of Gaith {rCorr Str+3 Int-3
                  | Dex+4}
 36370 | Swamp:2  | Identified the +2 pair of gloves of Optimism {rPois rF-
                  | Str-4 Int+8} (Okawaru gifted it to you on level 2 of the
                  | Swamp)
 36370 | Swamp:2  | Received a gift from Okawaru
 36630 | Swamp:2  | Identified the +6 scimitar of Collusion {protect, rElec
                  | Will+}
 36632 | Swamp:2  | Noticed Jorgrun
 36652 | Swamp:2  | Killed Jorgrun
 36760 | Swamp:2  | Noticed a tentacled monstrosity
 36777 | Swamp:2  | Killed a tentacled monstrosity
 37506 | Swamp:3  | Noticed Roxanne
 38180 | Swamp:3  | Identified the +1 ring mail of Yesterday {Harm} (Okawaru
                  | gifted it to you on level 3 of the Swamp)
 38180 | Swamp:3  | Received a gift from Okawaru
 38301 | Swamp:3  | Identified the +1 leather armour "Xobir" {rPois rC+ rN+++}
 38859 | Swamp:4  | Entered Level 4 of the Swamp
 38864 | Swamp:4  | Acquired the +4 pair of gloves of Datt {rElec Int+4}
 38873 | Swamp:4  | Noticed Mara
 38877 | Swamp:4  | Noticed Charly's illusion
 39078 | Swamp:4  | Noticed Charly's illusion
 39083 | Swamp:4  | Killed Mara
 39403 | Swamp:4  | Reached XP level 18. HP: 106/159 MP: 20/27
 39473 | Swamp:4  | Reached skill level 5 in Armour
 40383 | Swamp:4  | Reached skill level 19 in Fighting
 40699 | Swamp:4  | Got a decaying rune of Zot
 41006 | Snake:1  | Entered Level 1 of the Snake Pit
 41374 | Snake:1  | Found Guok's General Store.
 41377 | Snake:1  | Found Sobeorr's General Store.
 41377 | Snake:1  | Found Kocueppu's Weapon Boutique.
 41383 | Snake:1  | Bought a potion of curing for 51 gold pieces
 41383 | Snake:1  | Bought a potion of might for 68 gold pieces
 41383 | Snake:1  | Bought 2 potions of might for 136 gold pieces
 41383 | Snake:1  | Found Miggilui's Assorted Antiques.
 41395 | Snake:1  | Bought a crude emerald amulet for 105 gold pieces
 41395 | Snake:1  | Identified the amulet "Saen Zast" {Spirit rF+ Dex+2 Stlth+}
                  | (You bought it in a shop on level 1 of the Snake Pit)
 41395 | Snake:1  | Bought a potion of curing for 63 gold pieces
 41395 | Snake:1  | Bought a scroll of teleportation for 63 gold pieces
 41409 | Snake:1  | Bought a potion of curing for 57 gold pieces
 41532 | Snake:1  | Identified the +2 hat "Fesch" {+Inv rC+} (Okawaru gifted it
                  | to you on level 1 of the Snake Pit)
 41532 | Snake:1  | Received a gift from Okawaru
 43192 | Snake:3  | Noticed Bai Suzhen
 43226 | Snake:3  | Killed Bai Suzhen
 43792 | Snake:4  | Entered Level 4 of the Snake Pit
 43918 | Snake:4  | Identified the +7 chain mail of Mental Paralysis {-Tele
                  | rPois Dex+6 Stlth+}
 44167 | Snake:4  | Noticed Aizul
 44186 | Snake:4  | Killed Aizul
 44187 | Snake:4  | Reached XP level 19. HP: 142/167 MP: 26/28
 44263 | Snake:4  | Found a runed translucent door.
 44263 | Snake:4  | Found a shimmering altar of Xom.
 44263 | Snake:4  | Noticed Jazqba's ghost (adept OgBe)
 44263 | Snake:4  | Identified the +4 glaive of Metezec {chaos, rPois rC+}
 44459 | Snake:4  | Identified the +9 chain mail of the Land of Plenty {rN+}
                  | (Okawaru gifted it to you on level 4 of the Snake Pit)
 44459 | Snake:4  | Received a gift from Okawaru
 44544 | Snake:4  | Reached skill level 15 in Shields
 44615 | Snake:4  | Identified the +0 leather armour of the Little Devil
                  | {Str+3}
 45411 | Snake:4  | Got a serpentine rune of Zot
 45864 | Vaults:1 | Entered Level 1 of the Vaults
 45864 | Vaults:1 | Found Gahuwkyv's General Store.
 46361 | D:13     | Reached skill level 20 in Fighting
 46619 | Vaults:1 | Found Oxzyshir's Antique Armour Emporium.
 46655 | Vaults:1 | Received a gift from Okawaru
 46727 | Vaults:1 | Found a huge runed gate.
 46727 | Vaults:1 | Found a huge runed gate.
 46727 | Vaults:1 | Found a huge runed gate.
 46727 | Vaults:1 | Found a huge runed gate.
 46727 | Vaults:1 | Found a huge runed gate.
 46727 | Vaults:1 | Found a huge runed gate.
 46729 | Vaults:1 | Found a huge runed gate.
 46729 | Vaults:1 | Found a huge runed gate.
 46730 | Vaults:1 | Found a huge runed gate.
 46730 | Vaults:1 | Found a huge runed gate.
 46730 | Vaults:1 | Found a huge runed gate.
 46730 | Vaults:1 | Found a huge runed gate.
 46730 | Vaults:1 | Found a huge runed gate.
 46731 | Vaults:1 | Found a huge runed gate.
 46732 | Vaults:1 | Found a huge runed gate.
 46733 | Vaults:1 | Found a huge runed gate.
 46734 | Vaults:1 | Found a huge runed gate.
 46742 | Vaults:1 | Found a huge runed gate.
 46742 | Vaults:1 | Found a huge runed gate.
 46742 | Vaults:1 | Found a huge runed gate.
 46742 | Vaults:1 | Found a huge runed gate.
 46742 | Vaults:1 | Found a huge runed gate.
 46742 | Vaults:1 | Found a huge runed gate.
 46743 | Vaults:1 | Found a huge runed gate.
 46744 | Vaults:1 | Found a huge runed gate.
 46745 | Vaults:1 | Found a huge runed gate.
 46753 | Vaults:1 | Found a huge runed gate.
 46753 | Vaults:1 | Found a huge runed gate.
 46753 | Vaults:1 | Found a huge runed gate.
 46753 | Vaults:1 | Found a huge runed gate.
 46753 | Vaults:1 | Found a huge runed gate.
 46753 | Vaults:1 | Found a huge runed gate.
 46754 | Vaults:1 | Found a huge runed gate.
 46755 | Vaults:1 | Found a huge runed gate.
 46756 | Vaults:1 | Found a huge runed gate.
 46764 | Vaults:1 | Found a huge runed gate.
 47723 | Vaults:1 | Identified the +6 executioner's axe "Ovvan" {drain, rN+
                  | Int+6 Dex-2}
 47810 | Vaults:1 | Bought an encrusted ring mail for 198 gold pieces
 47810 | Vaults:1 | Identified the +4 ring mail of the Bull {+Blink Regen+}
                  | (You bought it in a shop on level 1 of the Vaults)
 47811 | Vaults:1 | Bought a steaming plate armour for 616 gold pieces
 47811 | Vaults:1 | Identified the +2 plate armour "Kies" {Str-2 Dex+7} (You
                  | bought it in a shop on level 1 of the Vaults)
 48025 | Vaults:2 | Identified the +5 spear of Hukob {venom, rC+} (Okawaru
                  | gifted it to you on level 2 of the Vaults)
 48025 | Vaults:2 | Received a gift from Okawaru
 48026 | Vaults:2 | Reached XP level 20. HP: 145/176 MP: 26/29
 48238 | Vaults:2 | Found a staircase to the Crypt.
 48959 | Vaults:2 | Found the +6 arbalest "Damnation" {damnation}
 49128 | Vaults:2 | Received a gift from Okawaru
 49817 | Vaults:3 | Received a gift from Okawaru
 50505 | Vaults:3 | Received a gift from Okawaru
 50935 | Vaults:3 | Reached XP level 21. HP: 173/185 MP: 27/30
 51759 | Vaults:4 | Reached skill level 21 in Fighting
 51833 | Vaults:4 | Noticed an ancient lich
 52220 | Vaults:4 | Found a runed translucent door.
 52220 | Vaults:4 | Noticed AgonHex's ghost (veteran HOFi)
 52544 | Vaults:4 | Found a transporter.
 52560 | Vaults:4 | Found a transporter.
 53413 | Vaults:4 | Killed an ancient lich
 53653 | Vaults:4 | Identified the -3 cloak of Fortitude {Fly Regen+}
 53689 | Vaults:5 | Entered Level 5 of the Vaults
 53899 | Depths:1 | Entered Level 1 of the Depths
 53919 | D:15     | Received a gift from Okawaru
 54193 | Depths:1 | Reached skill level 15 in Evocations
 54266 | Depths:1 | Found Douph's Book Emporium.
 54266 | Depths:1 | Found Yviex's Jewellery Shop.
 54267 | Depths:1 | Found Sithrute's Jewellery Shop.
 54284 | Depths:1 | Bought the ring of Bodily Harmony {rN+ Dex+6} for 1324 gold
                  | pieces
 54361 | Depths:1 | Received a gift from Okawaru
 54609 | Depths:1 | Paralysed by a great orb of eyes for 7 turns
 54793 | Depths:1 | Reached XP level 22. HP: 188/188 MP: 31/31
 54794 | Depths:1 | Reached XP level 23. HP: 195/195 MP: 32/32
 55635 | Depths:1 | Reached skill level 10 in Armour
 55682 | Depths:1 | Found a gateway to Hell.
 55757 | Depths:1 | Found a one-way gate leading to the halls of Pandemonium.
 56110 | Depths:2 | Reached XP level 24. HP: 204/210 MP: 32/32
 56145 | Depths:2 | Found a shimmering altar of Xom.
 56188 | Depths:2 | Received a gift from Okawaru
 56308 | Depths:2 | Found a hazy altar of Hepliaklqana.
 56484 | Depths:2 | Reached ****** piety under Okawaru
 56564 | Depths:2 | Found Hedaf's Distillery.
 56572 | Depths:2 | Bought a potion of haste for 170 gold pieces
 56572 | Depths:2 | Bought a potion of might for 68 gold pieces
 56572 | Depths:2 | Bought a potion of curing for 51 gold pieces
 56572 | Depths:2 | Bought a potion of curing for 51 gold pieces
 56572 | Depths:2 | Bought 2 potions of curing for 102 gold pieces
 56572 | Depths:2 | Bought a potion of berserk rage for 85 gold pieces
 56958 | Depths:2 | Identified the +1 tower shield of the Locust {Rampage}
 56959 | Depths:2 | Found a one-way gateway to a ziggurat.
 57649 | Depths:2 | Reached skill level 22 in Fighting
 58734 | Depths:2 | Identified the ring of Buckoogh {Fly rPois}
 58945 | Depths:3 | Identified the +8 plate armour of Vexation {Harm rPois rF++
                  | Str-2} (Okawaru gifted it to you on level 3 of the Depths)
 58945 | Depths:3 | Received a gift from Okawaru
 59262 | Depths:3 | Noticed a caustic shrike
 59279 | Depths:3 | Killed a caustic shrike
 59732 | Depths:3 | Noticed a juggernaut
 59754 | Depths:3 | Killed a juggernaut
 59767 | Depths:3 | Noticed a caustic shrike
 59789 | Depths:3 | Noticed an ancient lich
 59862 | Depths:3 | Killed an ancient lich
 60037 | Depths:3 | Identified the +3 spear "Jinkawy" {drain, Int+4}
 60078 | Depths:3 | Killed a caustic shrike
 60200 | Depths:3 | Paralysed by a sphinx for 7 turns
 60204 | Depths:3 | Noticed an ancient lich
 61127 | Depths:3 | Killed an ancient lich
 61375 | Depths:3 | Found a one-way gate to the infinite horrors of the Abyss.
 61492 | Depths:3 | Reached XP level 25. HP: 219/219 MP: 32/32
 61842 | Depths:4 | Entered Level 4 of the Depths
 62514 | Depths:4 | Identified the +0 kite shield of Follow the Leader {rPois
                  | Dex+4 SInv} (Okawaru gifted it to you on level 4 of the
                  | Depths)
 62514 | Depths:4 | Received a gift from Okawaru
 62838 | Depths:4 | Reached skill level 23 in Fighting
 62894 | Depths:4 | Found a gate to the Realm of Zot.
 62989 | Depths:4 | Noticed a juggernaut
 63025 | Depths:4 | Killed a juggernaut
 63285 | Depths:4 | Found a blossoming altar of Fedhas.
 64859 | Vaults:5 | Identified the +0 pair of boots "Nieshriru" {Will- MP+9
                  | Str+8} (Okawaru gifted it to you on level 5 of the Vaults)
 64859 | Vaults:5 | Received a gift from Okawaru
 65524 | Vaults:5 | Reached XP level 26. HP: 230/230 MP: 32/32
 66119 | Vaults:5 | Identified the +6 spear "Jodip" {vorpal, Dex+2} (Okawaru
                  | gifted it to you on level 5 of the Vaults)
 66119 | Vaults:5 | Received a gift from Okawaru
 66811 | Vaults:5 | Reached skill level 24 in Fighting
 67309 | Vaults:5 | Identified the ring "Joegeo" {Fire Int+3}
 67366 | Vaults:5 | Got Utitalin's Compendium of the Glacier and Stolen Souls
 67632 | Vaults:5 | Got a silver rune of Zot
 67635 | Vaults:5 | Got the Compendium of Noxious Calling
 67814 | Vaults:5 | Found the +5 robe of Misfortune {Harm *Corrode *Slow EV+5}
 67815 | Vaults:5 | Identified the ring "Sonwoh" {Str+4 Int+6 Dex-4 Slay+3 SInv
                  | Stlth+}
 68087 | D:12     | You paid a toll of 5 scrolls of fog to enter a treasure
                  | trove
 68088 | Trove    | Entered a treasure trove
 68112 | Trove    | Reached XP level 27. HP: 238/238 MP: 32/32
 68119 | Trove    | Found the +10 tower shield of Ignorance {rN+ Int-4}
 68144 | Trove    | Identified the amulet "Ytraq" {Reflect rF+ Str+4 Dex-5 SH+5
                  | Stlth+}
 68146 | Trove    | Identified the amulet of the Final Chapter {Acrobat rElec}
 68147 | Trove    | Identified the amulet of Inigeabu {Spirit rPois MP+9 Int-5
                  | Slay+5}
 68776 | Orc:2    | Bought a condenser vane for 1440 gold pieces
 68881 | Vaults:1 | Bought a wand of iceblast (3) for 154 gold pieces
 69013 | Depths:2 | Bought 2 potions of ambrosia for 272 gold pieces
 69013 | Depths:2 | Bought a potion of berserk rage for 85 gold pieces
 69116 | Zot:1    | Entered Level 1 of the Realm of Zot
 69666 | Zot:3    | Received a gift from Okawaru
 70198 | Zot:3    | Received a gift from Okawaru
 70939 | Zot:5    | Entered Level 5 of the Realm of Zot
 71410 | Zot:4    | Identified the +0 swamp dragon scales "Honics" {rElec rPois
                  | Int+4 Dex+3} (Okawaru gifted it to you on level 4 of the
                  | Realm of Zot)
 71410 | Zot:4    | Received a gift from Okawaru
 71671 | Zot:5    | Noticed a dread lich
 71678 | Arena    | Entered the Arena
 71695 | Arena    | Killed a dread lich
 71696 | Arena    | Reached skill level 15 in Armour
 71706 | Zot:5    | Noticed an ancient lich
 71717 | Zot:5    | Killed an ancient lich
 72090 | Zot:5    | Noticed an orb of fire
 72091 | Zot:5    | Gained mutation: You are weak. (Str -2) [an orb of fire]
 72110 | Zot:5    | Killed an orb of fire
 72137 | Zot:5    | Noticed an orb of fire
 72137 | Zot:5    | Gained mutation: You are frail. (-10% HP) [an orb of fire]
 72140 | Zot:5    | Noticed an orb of fire
 72155 | Zot:5    | Killed an orb of fire
 72156 | Zot:5    | Gained mutation: You sometimes lose the ability to read
                  | scrolls when taking damage. [an orb of fire]
 72165 | Zot:5    | Killed an orb of fire
 72175 | Zot:5    | Noticed an orb of fire
 72177 | Zot:5    | Gained mutation: You have hidden genetic defects. [an orb
                  | of fire]
 72186 | Zot:5    | Gained mutation: You tend to lose your temper in combat.
                  | [an orb of fire]
 72198 | Zot:5    | Gained mutation: Your body sometimes deteriorates upon
                  | taking damage. [an orb of fire]
 72204 | Zot:5    | Killed an orb of fire
 72454 | Zot:5    | Lost mutation: Your body sometimes deteriorates upon taking
                  | damage. [potion of mutation]
 72454 | Zot:5    | Lost mutation: You are frail. (-10% HP) [potion of
                  | mutation]
 72454 | Zot:5    | Gained mutation: You have supernaturally acute eyesight.
                  | (SInv) [potion of mutation]
 72454 | Zot:5    | Lost mutation: You are agile. (Dex +2) [potion of mutation]
 72454 | Zot:5    | Gained mutation: You have terrible hidden genetic defects.
                  | [potion of mutation]
 72454 | Zot:5    | Gained mutation: Your movements are slightly less
                  | encumbered by armour. (ER -2) [potion of mutation]
 72455 | Zot:5    | Lost mutation: Your spells are a little harder to cast, but
                  | a little more powerful. [potion of mutation]
 72455 | Zot:5    | Lost mutation: You have supernaturally acute eyesight.
                  | (SInv) [potion of mutation]
 72455 | Zot:5    | Lost mutation: Your movements are slightly less encumbered
                  | by armour. (ER -2) [potion of mutation]
 72455 | Zot:5    | Gained mutation: You are agile. (Dex +2) [potion of
                  | mutation]
 72455 | Zot:5    | Gained mutation: Your system is resistant to poisons.
                  | (rPois) [potion of mutation]
 72456 | Zot:5    | Lost mutation: You are agile. (Dex +2) [potion of mutation]
 72456 | Zot:5    | Lost mutation: Your system is resistant to poisons. (rPois)
                  | [potion of mutation]
 72456 | Zot:5    | Lost mutation: You tend to lose your temper in combat.
                  | [potion of mutation]
 72456 | Zot:5    | Gained mutation: You occasionally shout uncontrollably at
                  | your foes. [potion of mutation]
 72456 | Zot:5    | Gained mutation: Your flesh is heat resistant. (rF+)
                  | [potion of mutation]
 72457 | Zot:5    | Lost mutation: You have terrible hidden genetic defects.
                  | [potion of mutation]
 72457 | Zot:5    | Lost mutation: Your flesh is heat resistant. (rF+) [potion
                  | of mutation]
 72457 | Zot:5    | Gained mutation: You are strong-willed. (Will+) [potion of
                  | mutation]
 72457 | Zot:5    | Gained mutation: You are partially covered in iridescent
                  | scales. (AC +2) [potion of mutation]
 72458 | Zot:5    | Lost mutation: You have hidden genetic defects. [potion of
                  | mutation]
 72458 | Zot:5    | Lost mutation: You are strong-willed. (Will+) [potion of
                  | mutation]
 72458 | Zot:5    | Gained mutation: You passively map a small area around you.
                  | [potion of mutation]
 72459 | Zot:5    | Lost mutation: You are partially covered in iridescent
                  | scales. (AC +2) [potion of mutation]
 72459 | Zot:5    | Lost mutation: You are weak. (Str -2) [potion of mutation]
 72459 | Zot:5    | Gained mutation: You are weak. (Str -2) [potion of
                  | mutation]
 72459 | Zot:5    | Lost mutation: You are weak. (Str -2) [potion of mutation]
 72569 | Zot:5    | Noticed an orb of fire
 72574 | Zot:5    | Gained mutation: Your magical capacity is low. (-10% MP)
                  | [an orb of fire]
 72590 | Zot:5    | Gained mutation: Your body sometimes deteriorates upon
                  | taking damage. [an orb of fire]
 72621 | Zot:5    | Killed an orb of fire
 72623 | Zot:5    | Noticed an orb of fire
 72627 | Zot:5    | Noticed an orb of fire
 72631 | Zot:5    | Noticed an orb of fire
 72640 | Zot:5    | Noticed an orb of fire
 72644 | Zot:5    | Killed an orb of fire
 72645 | Arena    | Entered the Arena
 72651 | Arena    | Gained mutation: You are dopey. (Int -2) [an orb of fire]
 72656 | Arena    | Gained mutation: You tend to lose your temper in combat.
                  | [an orb of fire]
 72660 | Arena    | Gained mutation: You are weak. (Str -2) [an orb of fire]
 72688 | Arena    | Killed an orb of fire
 72724 | Zot:5    | Killed an orb of fire
 72744 | Zot:5    | Killed an orb of fire
 73188 | Zot:5    | Identified the +8 quarterstaff of Fortitude {chaos, rF- rN+
                  | Str+6 Dex+3} (Okawaru gifted it to you on level 5 of the
                  | Realm of Zot)
 73188 | Zot:5    | Received a gift from Okawaru
 73588 | Zot:5    | Noticed an ancient lich
 73601 | Zot:5    | Killed an ancient lich
 75060 | Zot:5    | Got the Orb of Zot
 75188 | Zot:4    | Noticed Vexuwohi the pandemonium lord
 75208 | Zot:4    | Killed Vexuwohi the pandemonium lord
 75539 | D:7      | Noticed Rigreliw the pandemonium lord
 75640 | D:$      | Escaped with the Orb!

Illustrated notes

Levels and vault maps discovered:
D:1:      zaba_arrival_water, layout_rooms, shapermc_ecumenical_altar_rom_forum
D:2:      layout_basic, basic_altar, kennysheep_generic_room_2
D:3:      layout_rooms, feat_on_display
D:4:      gammafunk_cloud_chamber, layout_basic,
          minmay_temple_entry_antechambers, serial_shops, shop,
          minmay_shop_mayhem, nicolae_concentric_dashed_squares_mild
D:5:      layout_loops_ring, grunt_temple_overflow_open, uniq_sigmund,
          uniq_edmund
D:6:      layout_basic, minmay_misc_feat_room, uniq_crazy_yiuf_cottage
D:7:      layout_basic
D:8:      layout_basic, grunt_lair_entry_orc_guard_hut, special_room
          [special_room_orc]
D:9:      layout_long_grid, gammafunk_temple_overflow_statue,
          hangedman_glass_teeth, hangedman_misty_isle
D:10:     layout_basic, uniq_maggie
D:11:     layout_irregular_city, zombieorc2_lemuel
D:12:     layout_basic, nicolae_trove_entry_crossroad, special_room
          [special_room_bee], uniq_azrael
D:13:     layout_basic, david_vaults_2, serial_shops, shop, trog_butcher_becter
D:14:     layout_rooms, nicolae_dithmenos_through_a_glass_darkly,
          grunt_decor_cap
D:15:     grunt_enter_depths_giant_problem, layout_basic,
          roderic_serpentine_path
Temple:   eino_temple_rhombus
Lair:1:   layout_cellular_growth
Lair:2:   layout_roguey, minmay_snake_entry_spellcaster, beast_lair_carwin_8,
          grunt_megastairs_3
Lair:3:   layout_loops_ring, roderic_batcave, uniq_rupert
Lair:4:   layout_gridlike, swamp_mist, uniq_kirke
Lair:5:   layout_cave_pods, slime_dummy, eino_house_with_fridge,
          grunt_megastairs_5
Lair:6:   guppyfry_lair_end_dragon, layout_hall_layers,
          hangedman_lair_tendril_chambers, minivault_19,
          nicolae_lair_run_with_the_wolves, infiniplex_staircase_pool_2
Swamp:1:  layout_basic_swamp, nicolae_swamp_triple_paths, swamp_pool4,
          infiniplex_staircase_pool
Swamp:2:  nicolae_swamp_ascending_descending, layout_basic_swamp,
          nicolae_swamp_tree_designs, uniq_jorgrun
Swamp:3:  nzn_winding_woodlands_small [nzn_winding_woodlands_5x15_concentric,
          nzn_winding_woodlands_center_diamonds,
          nzn_winding_woodlands_5x15_pathside_ponds], layout_basic_swamp,
          hangedman_swamp_diagram, nicolae_swamp_orc_logging_accident,
          uniq_roxanne
Swamp:4:  swamp_basic_johnstein, layout_basic_swamp, swamp_pool3,
          nicolae_swamp_nymph_family_reunion, uniq_mara
Snake:1:  layout_onion, minmay_shoptagon
Snake:2:  layout_chambers, nicolae_snake_squiggles
Snake:3:  layout_onion_interference, grunt_megastairs_2, uniq_bai_suzhen
Snake:4:  johnstein_snake_rune_scales, layout_basic, ebering_ghost_xom,
          uniq_aizul
Slime:1:  layout_caves
Orc:1:    layout_diamond_mine, serial_shops, nicolae_lakefront_shop
Orc:2:    st_orc_open, layout_diamond_mine, serial_shops,
          nicolae_shop_hallway_stairs, nicolae_shop_behind_doors,
          portal_ice_cave_entry_animals_and_master, uniq_saint_roka, uniq_urug
Vaults:1: nicolae_vaults_angled_halls, nicolae_vaults_specimen_jars, door_vault,
          hangedman_vaults_trim, vaults_room_hallway,
          nicolae_vaults_little_squares_2, nicolae_vaults_big_angled_halls,
          v_misc_9, nicolae_vaults_theta, vaults_room_pool,
          layout_vaults_quadrants, serial_shops, nicolae_shop_statue_plus,
          nicolae_shop_competitors_out_of_business
Vaults:2: nicolae_vaults_three_branches, vaults_room_corners,
          hangedman_vaults_impose, nicolae_vaults_statue_guard,
          nicolae_vaults_yaktaur_gun_rack, v_misc_2, nicolae_vaults_little_ls,
          vaults_room_grunt_arrival_checkpoint,
          ontoclasm_vaults_decontamination, layout_vaults_chaotic_city
Vaults:3: vaults_room_door_hall, nicolae_vaults_border_crossing,
          vaults_room_hallway, nicolae_vaults_theta,
          nicolae_vaults_big_angled_halls, nicolae_vaults_alarming,
          vaults_standard_mumra_x, nicolae_vaults_asterisk,
          vaults_mumra_hexcomb, st_smaller_cells, layout_vaults_maze_snakey
Vaults:4: gammafunk_ghost_grave, vaults_mumra_chevron_long, vaults_room_grid,
          vaults_room_fours, vaults_room_hallway, gammafunk_the_bubble
          [the_bubble_gammafunk_plus_minus], v_misc_24,
          grunt_vaults_hallway_long, v_pattern_4, ontoclasm_vaults_hangar,
          ontoclasm_vaults_gateway, layout_vaults_omnicross, uniq_margery
Vaults:5: serial_shops
Depths:1: layout_cave_shapes, pan_entry, chequers_big_river, grunt_metal_band,
          nicolae_lava_and_water, minmay_shop_grove
Depths:2: evilmike_inaccessible_box, layout_gridville, enter_ziggurat_c,
          serial_shops, shop, hell_entry, pan_entry,
          nicolae_hepliaklqana_hazy_memory, led_xom_imps, serial_bayou_shore_a,
          infiniplex_staircase_spiral_double
Depths:3: minmay_tile_spiral, layout_honeycomb, minmay_room_of_horrors,
          grunt_hell_entry_dis_grunt, kennysheep_decorative_pillar,
          kennysheep_generic_room_16, infiniplex_staircase_diamond
Depths:4: grunt_zot_entry_funnels, layout_basic, hell_entry,
          minmay_misc_feat_rows, grunt_pan_entry_in_and_out, fedhas_altar_2
Zot:1:    layout_gridlike
Zot:2:    layout_misc_corridors, gammafunk_ghost_wrathful_warriors
Zot:3:    kennysheep_blocky_room, layout_cellular_growth
Zot:4:    layout_concentric_octagons, grunt_megastairs_4
Zot:5:    layout_basic, lemuel_flame_loot_1

Skill      XL: |  1  2  3  4  5  6  7  8  9 10 11 12 13 14 15 16 17 18 19 20 21 22 23 24 25 26 27 |
---------------+----------------------------------------------------------------------------------+-----
Stealth        | 1 2 3 |  3.0
Fighting       | 2 3 4 5 7 8 9 11 12 13 14 15 17 18 19 20 21 22 23 24 | 24.2
Slings         | 2 |  2.0
Dodging        | 3 4 6 8 10 11 12 14 15 17 18 19 20 21 22 | 22.0
Evocations     | 2 4 5 7 8 10 11 12 13 14 15 16 18 | 18.7
Polearms       | 4 8 10 12 13 14 | 14.0
Invocations    | 2 3 5 6 9 11 12 13 | 13.0
Armour         | 1 2 4 6 7 8 9 10 11 12 13 17 | 17.9
Shields        | 1 4 7 10 11 13 14 15 16 17 19 21 | 21.8
Spellcasting   | |  1.0
Hexes          | |  3.0

Action                   |  1- 3 |  4- 6 |  7- 9 | 10-12 | 13-15 | 16-18 | 19-21 | 22-24 | 25-27 || total
-------------------------+-------+-------+-------+-------+-------+-------+-------+-------+-------++-------
Melee: Dagger            |    14 |    48 |       |       |       |       |       |       |       ||    62
       Punch             |       |     3 |     8 |    19 |       |       |       |       |       ||    30
       Trident           |       |       |   297 |  1084 |  1967 |       |       |       |       ||  3348
       Spear             |       |       |    35 |       |       |       |       |       |       ||    35
       Tailslap          |       |       |       |     6 |     8 |    70 |     3 |    62 |       ||   149
       Demon trident     |       |       |       |       |    91 |  2011 |  2039 |  1427 |  2433 ||  8001
 Fire: Hunting sling     |    63 |   156 |   149 |    31 |       |       |       |       |       ||   399
Throw: Dart              |    27 |     6 |    11 |    20 |    13 |     5 |     2 |     1 |       ||    85
Invok: Heroism           |       |       |    12 |    32 |    40 |    24 |    25 |     9 |    19 ||   161
       Finesse           |       |       |       |     8 |    11 |    11 |     7 |     1 |    13 ||    51
       Duel              |       |       |       |       |       |     1 |       |       |     2 ||     3
Evoke: Wand              |       |     9 |     4 |       |     2 |     3 |       |     8 |     5 ||    31
       Phial of floods   |       |       |       |       |       |     3 |     1 |       |     1 ||     5
       Lightning rod     |       |       |       |       |       |       |     3 |       |       ||     3
       Condenser vane    |       |       |       |       |       |       |       |       |     1 ||     1
  Use: Scroll            |       |     5 |     4 |     5 |    19 |     7 |     7 |     3 |    17 ||    67
       Potion            |       |       |     2 |       |     2 |     2 |     3 |     3 |    27 ||    39
 Stab: Sleeping          |     1 |       |     2 |    10 |     7 |       |       |       |       ||    20
       Distracted        |       |       |       |     8 |     6 |     2 |       |       |     2 ||    18
       Petrified         |       |       |       |       |    27 |       |       |       |       ||    27
       Petrifying        |       |       |       |       |     3 |       |       |       |       ||     3
       Invisible         |       |       |       |       |     1 |    29 |    52 |    48 |    54 ||   184
       Paralysed         |       |       |       |       |       |    11 |       |       |     7 ||    18
       Confused          |       |       |       |       |       |     1 |       |       |       ||     1
Armor: Robe              |     4 |       |       |       |       |       |       |       |       ||     4
       Scale mail        |     4 |    45 |   115 |       |       |   118 |   147 |   188 |   131 ||   748
       Leather armour    |       |       |    10 |    76 |       |       |       |       |       ||    86
       Troll leather arm |       |       |       |    25 |   126 |       |       |       |       ||   151
       Swamp dragon scal |       |       |       |       |    47 |    30 |       |       |       ||    77
       Ice dragon scales |       |       |       |       |       |    18 |       |       |       ||    18
       Plate armour      |       |       |       |       |       |       |       |     1 |       ||     1
       Gold dragon scale |       |       |       |       |       |       |       |       |   138 ||   138
Dodge: Dodged            |    27 |    68 |   219 |   467 |   867 |   772 |   839 |   837 |  1057 ||  5153
Block: Kite shield       |       |       |       |   142 |  1140 |  1266 |  1356 |  1049 |   900 ||  5853
       Reflection        |       |       |       |       |       |    24 |       |       |       ||    24
       Tower shield      |       |       |       |       |       |       |       |       |   726 ||   726
